 Dungeon Crawl Stone Soup version 0.27-a0-1358-ga0a28fc8c3 (webtiles) character file.

Game seed: 11296200439113882750

5490 Delamore the Covert (level 10, -10/66 HPs)
             Began as an Octopode Brigand on June 28, 2021.
             Was an Initiate of Gozag.
             Mangled by Gastronok (36 damage)
             ... on level 8 of the Dungeon.
             The game lasted 00:11:15 (9663 turns).

Delamore the Covert (Octopode Brigand)              Turns: 9663, Time: 00:11:15

Health: -10/66     AC:  1    Str: 10    XL:     10   Next: 69%
Magic:  10/10      EV: 16    Int: 14    God:    Gozag
Gold:   482        SH:  0    Dex: 17    Spells: 9/9 levels left

rFire    + . .     SeeInvis .   k - +4 dagger (venom)
rCold    + . .     Faith    .   (no shield)
rNeg     . . .     Spirit   .   (helmet restricted)
rPois    +         Reflect  .   D - amulet of regeneration
rElec    .         Harm     .   e - ring of poison resistance
rCorr    .         Rampage  .   j - ring of protection from cold
Will     .....                  A - ring of protection from fire
Stlth    ++++++....             (no ring)
HPRegen  1.21/turn              (no ring)
MPRegen  0.12/turn              (no ring)
                                (no ring)
                                (no ring)

@: no status effects
A: almost no armour, amphibious, 8 rings, camouflage 1, gelatinous body 1,
(nimble swimmer 1), tentacles
a: Renounce Religion, Potion Petition, Call Merchant, Bribe Branch


You were on level 8 of the Dungeon.
You worshipped Gozag.
Gozag was aware of your devotion.
You visited 2 branches of the dungeon, and saw 9 of its levels.

You collected 1617 gold pieces.
You spent 360 gold pieces at shops.
You paid 775 gold pieces to Gozag.

Inventory:

Hand Weapons
 a - a +2 dagger
 k - a +4 dagger of venom (weapon)
Missiles
 b - 75 poisoned darts (quivered)
 f - 7 boomerangs
 o - 14 silver boomerangs
 q - 3 datura-tipped darts
Armour
 c - a +2 kite shield
 y - a +2 buckler
Jewellery
 e - a ring of poison resistance (left tentacle)
 j - a ring of protection from cold (right tentacle)
 l - a ring of ice
 A - a ring of protection from fire (on tentacle)
 D - an amulet of regeneration (around mantle)
Wands
 t - a wand of flame (34)
 F - a wand of polymorph (9)
Scrolls
 d - a scroll of holy word
 g - 3 scrolls of teleportation
 h - 2 scrolls of amnesia
 n - 2 scrolls of silence
 p - a scroll of enchant armour
 s - a scroll of noise {unknown}
 x - a scroll of magic mapping
 E - a scroll of blinking {unknown}
 G - 2 scrolls of identify
 H - a scroll of brand weapon {unknown}
Potions
 i - a potion of resistance
 m - 3 potions of ambrosia
 u - a potion of cancellation {unknown}
 v - a potion of berserk rage {unknown}
 z - a potion of degeneration
 B - 2 potions of lignification
 C - 2 potions of flight {unknown}


   Skills:
 - Level 5.0 Fighting
 - Level 10.0 Short Blades
 - Level 6.0 Throwing
 + Level 6.2 Dodging
 - Level 10.0 Stealth
 - Level 5.0 Evocations


You had 9 spell levels left.
You didn't know any spells.
Your spell library contained the following spells:

 Spells                   Type           Power      Damage    Failure   Level
 Corona                   Hex            0%         N/A       28%         1
 Sandblast                Erth           0%         2d4       28%         1
 Passwall                 Tmut/Erth      0%         N/A       41%         2
 Slow                     Hex            0%         N/A       41%         2
 Inner Flame              Hex/Fire       0%         N/A       65%         3
 Portal Projectile        Hex/Tloc       0%         N/A       65%         3
 Stone Arrow              Conj/Erth      0%         3d7       65%         3
 Cause Fear               Hex            0%         N/A       96%         4
 Leda's Liquefaction      Hex/Erth       0%         N/A       96%         4
 Petrify                  Tmut/Erth      0%         N/A       96%         4
 Lee's Rapid Deconstruct  Erth           0%         3d5*      100%        5


Dungeon Overview and Level Annotations

Branches:
Dungeon (8/15)             Temple (1/1) D:7
   Lair: D:8-11

Altars:
Ashenzari
Cheibriados
Dithmenos
Elyvilon
Fedhas
Gozag
Makhleb
Nemelex Xobeh
Okawaru
Qazlal
Ru
Sif Muna
Trog
Uskayaw
Wu Jian
Xom
Yredelemnul
Zin
The Shining One
Lugonu

Shops:
D:2 [   D:7 =

Portals:
Abyss: D:5

Annotations:
D:8 1 runed translucent door, Gastronok; glosham's ghost, novice DjDe


Innate Abilities, Weirdness & Mutations

You cannot wear most types of armour.
You are amphibious.
You can wear up to eight rings at the same time.
Your skin changes colour to match your surroundings (Stealth+).
Your rubbery body absorbs attacks. (AC +1, EV +1)
((You are camouflaged near water. (Stealth+)))
You have tentacles for arms and can constrict up to eight enemies at once.


Message History

Aim: Gastronok, wearing a +0 hat (heavily wounded, poisoned, 100% to hit)
The puff of flame hits Gastronok.
Gastronok is heavily wounded.
Aiming: Throw Flame
Press: ? - help, Shift-Dir - straight line, f/p - Gastronok
Aim: Gastronok, wearing a +0 hat (heavily wounded, poisoned, 100% to hit)
The puff of flame hits Gastronok.
Gastronok is heavily wounded.
Aiming: Throw Flame
Press: ? - help, Shift-Dir - straight line, f/p - Gastronok
Aim: Gastronok, wearing a +0 hat (heavily wounded, poisoned, 100% to hit)
The puff of flame hits Gastronok!
Gastronok is severely wounded.
Aiming: Throw Flame
Press: ? - help, Shift-Dir - straight line, f/p - Gastronok
Aim: Gastronok, wearing a +0 hat (severely wounded, poisoned, 100% to hit)
The puff of flame hits Gastronok!
Gastronok is severely wounded.
Gastronok waves his eye-stalks in wide circles.
The air twists around and strikes you!!
* * * LOW HITPOINT WARNING * * *
You start resting.
Gastronok is nearby!
Aiming: Throw Flame
Press: ? - help, Shift-Dir - straight line, f/p - Gastronok
Aim: Gastronok, wearing a +0 hat (severely wounded, poisoned, 100% to hit)
The puff of flame hits Gastronok.
Gastronok is severely wounded.
You hit Gastronok.
Gastronok looks even sicker.
Gastronok is severely wounded.
You hit Gastronok.
Gastronok is severely wounded.
You hit Gastronok. You squeeze Gastronok!
Gastronok is almost dead.
You barely miss Gastronok.
Gastronok is almost dead.
Gastronok bites you!!!
Ouch! That really hurt!
You die...
Your body crumbles into a pile of gold.

#........# ###..##
#### #........##
###...## ##..##
#.........####...###
#....##
#.........##>..######
))....##
#............####...##
.).....##
#........#..##.......#
..).....#
##....................
.........#
#....w.#...).........
..........
##..@##..##)[........
..........
######w###..........
##........ #..#
#.......... ####......
##.## #.......... .##
###..# ####..#
##......... ..# ###
###.#..## #.........
..## #.....##
#......... #..##
#.....# ##........
#...###### #.....#
#).......


You could see Gastronok (very poisoned).

Vanquished Creatures
  Erica (D:8)
  A catoblepas (D:8)
  A two-headed ogre (D:8)
  3 yaks (D:8)
  Grum (D:8)
  A swamp worm (D:7)
  2 sky beasts
  2 black bears (D:8)
  4 orc warriors
  A centaur (D:7)
  4 ogres
  2 wolves (D:8)
  A phantom (D:6)
  2 kobold brigands (D:5)
  3 bullfrogs
  A scorpion (D:5)
  A gnoll sergeant (D:8)
  A wyvern zombie (D:6)
  A water moccasin zombie (D:5)
  A killer bee (D:5)
  2 bullfrog zombies
  A centaur skeleton (D:7)
  A jelly (D:5)
  4 orc priests
  A hound (D:5)
  An iron imp (D:7)
  A bullfrog skeleton (D:6)
  An iguana (D:5)
  8 orc wizards
  A hound zombie (D:5)
  2 hound skeletons
  A howler monkey skeleton (D:5)
  11 gnolls
  2 adders (D:2)
  3 shadow imps
  2 white imps
  An ufetubus (D:5)
  An adder zombie (D:5)
  A dart slug (D:2)
  29 orcs
  7 endoplasms
  2 giant cockroaches
  5 goblins (D:2)
  6 hobgoblins
  2 jackals (D:2)
  7 kobolds
  4 quokkas
  10 ball pythons
  3 bats
  2 frilled lizards
  5 rats
161 creatures vanquished.

Vanquished Creatures (others)
  2 plants (D:7)
2 creatures vanquished.

Grand Total: 163 creatures vanquished

Notes
Turn   | Place    | Note
-------+----------+-------------------------------------------
     0 | D:1      | Delamore the Octopode Brigand began the quest for the Orb.
     0 | D:1      | Reached XP level 1. HP: 14/14 MP: 1/1
   114 | D:1      | Reached XP level 2. HP: 16/19 MP: 2/2
   786 | D:2      | Reached XP level 3. HP: 11/25 MP: 3/3
   957 | D:2      | Found Vecriomul's Antique Armour Boutique.
  1775 | D:2      | Found a faded altar of an unknown god.
  1814 | D:2      | Reached XP level 4. HP: 30/30 MP: 4/4
  2954 | D:4      | Noticed an ogre
  2958 | D:4      | Killed an ogre
  2959 | D:4      | Reached XP level 5. HP: 36/36 MP: 5/5
  3573 | D:4      | Reached XP level 6. HP: 18/43 MP: 6/6
  3993 | D:5      | Entered Level 5 of the Dungeon
  4299 | D:5      | Found a one-way gate to the infinite horrors of the Abyss.
  4342 | D:5      | Found a large runed translucent door.
  4342 | D:5      | Found a large runed translucent door.
  4343 | D:5      | Found a corrupted altar of Lugonu.
  4589 | D:5      | Noticed a sky beast
  4595 | D:5      | Killed a sky beast
  4596 | D:5      | Reached XP level 7. HP: 49/49 MP: 7/7
  4866 | D:5      | Reached skill level 5 in Fighting
  4866 | D:5      | Reached skill level 5 in Short Blades
  5730 | D:5      | Reached XP level 8. HP: 14/55 MP: 8/8
  5734 | D:5      | HP: 2/55 [kobold brigand (9)]
  6526 | D:6      | Reached skill level 10 in Stealth
  6750 | D:6      | Identified a scroll of acquirement
  6750 | D:6      | Acquired 941 gold pieces
  7626 | D:7      | Reached XP level 9. HP: 35/61 MP: 9/9
  7841 | D:7      | Found a staircase to the Ecumenical Temple.
  7861 | Temple   | Entered the Ecumenical Temple
  7914 | Temple   | Became a worshipper of Gozag Ym Sagoz the Greedy
  7927 | D:7      | Bought an amulet of regeneration for 360 gold pieces
  8298 | D:7      | Identified the +10 shortbow "Odurhy" {flame, rPois rCorr}
  8399 | D:7      | Found a snail-covered altar of Cheibriados.
  8498 | D:8      | Reached skill level 10 in Short Blades
  8575 | D:8      | Reached skill level 1 in Evocations
  8628 | D:8      | Found a runed translucent door.
  8631 | D:8      | Noticed glosham's ghost (novice DjDe)
  8634 | D:8      | Noticed a cyclops
  8638 | D:8      | Noticed a two-headed ogre
  8645 | D:8      | Killed a two-headed ogre
  8794 | D:8      | Noticed Erica
  8806 | D:8      | Reached XP level 10. HP: 66/66 MP: 10/10
  8821 | D:8      | Killed Erica
  8822 | D:8      | Reached skill level 5 in Throwing
  9017 | D:8      | Noticed a catoblepas
  9045 | D:8      | Reached skill level 5 in Evocations
  9147 | D:8      | Killed a catoblepas
  9148 | D:8      | Reached skill level 5 in Dodging
  9386 | D:8      | Noticed Gastronok
  9390 | D:8      | Noticed Grum
  9631 | D:8      | Killed Grum
  9663 | D:8      | Mangled by Gastronok

Illustrated notes

Levels and vault maps discovered:
D:1:      dpeg_arrival_three_same_balls, layout_loops_ring,
          minmay_misc_feat_rugged, corner_web_ring
D:2:      layout_basic, serial_shops, shop, shapermc_ecumenical_altar_notcrosses
D:3:      layout_loops_cross
D:4:      layout_basic
D:5:      due_chaos_kobolds, layout_basic, abandoned_shop, grunt_decor_cap,
          minmay_chambers_of_fives
D:6:      layout_basic, dk_noncrumbling_4
D:7:      layout_loops_ring, chei_slow_surprise, minmay_temple_entry_mini_moons,
          worms_lemuel
D:8:      layout_cave_pods, ebering_ghost_inner_flame, uniq_erica,
          uniq_gastronok, uniq_grum
Temple:   grunt_wide_crystal_templ

Skill      XL: |  1  2  3  4  5  6  7  8  9 10 |
---------------+-------------------------------+-----
Stealth        | 6 7 8 9 10 | 10.0
Short Blades   | 3 4 5 8 10 | 10.0
Fighting       | 3 4 5 |  5.0
Evocations     | 3 5 |  5.0
Throwing       | 4 6 |  6.0
Dodging        | 3 6 |  6.2

Action                   |  1- 3 |  4- 6 |  7- 9 | 10-12 || total
-------------------------+-------+-------+-------+-------++-------
Melee: Dagger            |    68 |    69 |   199 |    66 ||   402
       Tentacles         |     8 |    13 |    51 |    13 ||    85
       Constrict         |    15 |    17 |    40 |     8 ||    80
Throw: Dart              |     2 |     7 |       |    25 ||    34
Invok: Call Merchant     |       |       |     1 |       ||     1
Evoke: Wand              |       |       |     2 |     7 ||     9
  Use: Scroll            |     2 |     7 |     6 |     1 ||    16
       Potion            |       |       |     3 |     1 ||     4
 Stab: Sleeping          |    15 |    14 |    17 |       ||    46
       Distracted        |       |     2 |     1 |       ||     3
Armor: Skin              |     4 |     3 |     5 |       ||    12
Dodge: Dodged            |    33 |    26 |    78 |    34 ||   171

Table legend: (Time is in decaauts)
 A = Elapsed time spent in this place.
 B = Non-inter-level travel time spent in this place.
 C = Inter-level travel time spent in this place.
 D = Time resting spent in this place.
 E = Time spent auto-exploring this place.
 F = Levels seen in this place.
 G = Mean time per level.
                   A        B        C        D        E       F      G
               +--------+--------+--------+--------+--------+-----+--------+
         Total |   9522 |   9287 |    235 |   1673 |   6490 |   9 | 1058.0 |
       Dungeon |   9459 |   9243 |    216 |   1673 |   6449 |   8 | 1182.4 |
        Temple |     62 |     43 |     19 |      0 |     41 |   1 |   62.0 |
               +--------+--------+--------+--------+--------+-----+--------+

Top non-repeatable levels by time:
     D:5: 2009 daAuts
     D:6: 1550 daAuts
     D:4: 1298 daAuts
     D:2: 1242 daAuts
     D:8: 1113 daAuts
     D:7: 811 daAuts
     D:1: 763 daAuts
     D:3: 670 daAuts
  Temple: 62 daAuts
